 Dungeon Crawl Stone Soup version 0.28-a0-1130-gc51a68064b (webtiles) character file.

Game seed: 4056037830602050182

114200 leviel the Warrior (level 16, -1/159 HPs)
             Began as a Hill Orc Fighter on Dec 13, 2021.
             Was the Champion of the Shining One.
             Slain by a hog (3 damage)
             ... led by Kirke
             ... on level 2 of the Spider Nest.
             The game lasted 01:04:01 (26013 turns).

leviel the Warrior (Hill Orc Fighter)              Turns: 26013, Time: 01:04:02

Health: -1/159     AC: 19    Str: 26 (28) XL:     16   Next: 65%
Magic:  0/16       EV: 13    Int: 10      God:    the Shining One [******]
Gold:   2579       SH:  6    Dex: 22      Spells: 15/15 levels left

rFire   + . .      SeeInvis .   a - +6 war axe (venom)
rCold   + + +      Faith    .   c - +0 buckler
rNeg    + + +      Spirit   .   b - +0 plate armour {rC+}
rPois   +          Reflect  .   (no helmet)
rElec   +          Harm     .   y - scarf {repulsion}
rCorr   +          Rampage  .   I - +0 pair of gloves of Sunlight {Dex+6 Slay+2}
Will    ++...                   (no boots)
Stlth   ..........              z - amulet of the Spinneret {RegenMP rElec rC- Regen+ Stlth+}
HPRegen 1.16/turn               O - ring "Surac" {rC+ Dex+6 Slay+2}
MPRegen 0.55/turn               E - ring "Meenk" {rC+ MP-9 Str+5 Slay+5}

@: lethally poisoned (-1 -> -17), resistant, glowing, studying Ice Magic, repel
missiles
A: clumsy 1, strong-willed 1
a: Renounce Religion, Divine Shield, Cleansing Flame, Summon Divine Warrior,
Brand Weapon With Holy Wrath


You were on level 2 of the Spider Nest.
You worshipped the Shining One.
The Shining One was exalted by your worship.
You visited 4 branches of the dungeon, and saw 24 of its levels.
You also visited: Trove, Sewer, Ice Cave and Volcano.

You collected 3360 gold pieces.
You spent 781 gold pieces at shops.

Inventory:

Hand Weapons
 a - a +6 war axe of venom (weapon)
 P - the +3 broad axe "Osuivinucs" {flame, *Noise rPois rCorr Dex+5}
   (You acquired it on level 2 of the Lair of Beasts)

   It burns those it strikes, dealing additional fire damage.
   Big, fiery blades are also staple armaments of hydra-hunters.
   Dex:       It affects your dexterity (+5).
   rPois:     It protects you from poison.
   *Noise:    It may make noises in combat.
   rCorr:     It protects you from acid and corrosion.
Missiles
 f - 2 throwing nets
 n - 46 poisoned darts (quivered)
 S - 10 curare-tipped darts
Armour
 b - a +0 plate armour of cold resistance (worn)
 c - a +0 buckler (worn)
 p - a +0 cloak of willpower
 s - a +2 pair of gloves of strength
 v - +0 ice dragon scales {rC++ rF-}
 y - a scarf of repulsion (worn)
 B - a +0 plate armour of fire resistance
 H - a +0 tower shield of cold resistance
 I - the +0 pair of gloves of Sunlight (worn) {Dex+6 Slay+2}
   (You found it in an ice cave)

   Dex:       It affects your dexterity (+6).
   Slay:      It affects your accuracy & damage with ranged weapons and melee
   (+2).
Jewellery
 g - a ring of see invisible
 z - the amulet of the Spinneret (around neck) {RegenMP rElec rC- Regen+ Stlth+}
   (You found it in a treasure trove)

   [amulet of magic regeneration]

   It increases your rate of magic regeneration.
   rC:        It makes you vulnerable to cold.
   rElec:     It insulates you from electricity.
   Regen:     It increases your rate of health regeneration.
   Stlth:     It makes you more stealthy.
 D - an amulet of reflection
 E - the ring "Meenk" (right hand) {rC+ MP-9 Str+5 Slay+5}
   (You found it in a treasure trove)

   [ring of protection from cold]

   Str:       It affects your strength (+5).
   Slay:      It affects your accuracy & damage with ranged weapons and melee
   (+5).
   rC:        It protects you from cold.
   MP:        It affects your magic capacity (-9).
 O - the ring "Surac" (left hand) {rC+ Dex+6 Slay+2}
   (You acquired it on level 2 of the Lair of Beasts)

   [ring of dexterity]

   Dex:       It affects your dexterity (+6).
   Slay:      It affects your accuracy & damage with ranged weapons and melee
   (+2).
   rC:        It protects you from cold.
Wands
 d - a wand of polymorph (20)
 i - a wand of paralysis (10)
 l - a wand of charming (24)
 q - a wand of acid (16)
 t - a wand of iceblast (21)
 u - a wand of mindburst (12)
 w - a wand of digging (12)
 N - a wand of flame (26)
Scrolls
 h - 3 scrolls of magic mapping
 G - 2 scrolls of identify {@r1}
 K - a scroll of summoning
 L - 3 scrolls of teleportation
 R - a scroll of blinking
 T - 2 scrolls of fog
 Y - 3 scrolls of immolation
Potions
 e - 2 potions of cancellation
 k - 18 potions of curing
 o - 2 potions of heal wounds
 r - 8 potions of invisibility
 x - 2 potions of magic
 A - a potion of attraction
 C - a potion of mutation
 F - a potion of brilliance
 J - a potion of flight
 V - 2 potions of might
 W - 3 potions of ambrosia
Miscellaneous
 m - a phial of floods


   Skills:
 - Level 18.4 Fighting
 - Level 18.0 Axes
 - Level 17.0 Armour
 + Level 7.2 Dodging
 - Level 4.0 Shields
 - Level 12.6 Invocations
 - Level 6.8 Evocations


You had 15 spell levels left.
You didn't know any spells.
Your spell library contained the following spells:

 Spells                   Type           Power      Damage    Failure   Level
 Beastly Appendage        Tmut           0%         N/A       92%         1
 Magic Dart               Conj           0%         1d3       92%         1
 Summon Small Mammal      Summ           0%         N/A       92%         1
 Blink                    Tloc           0%         N/A       98%         2
 Corpse Rot               Necr/Air       0%         N/A       98%         2
 Ensorcelled Hibernation  Hex/Ice        0%         N/A       98%         2
 Searing Ray              Conj           0%         2d4       98%         2
 Call Canine Familiar     Summ           0%         N/A       100%        3
 Dazzling Flash           Conj/Hex       0%         N/A       100%        3
 Gell's Gravitas          Tloc           0%         N/A       100%        3
 Inner Flame              Hex/Fire       0%         N/A       100%        3
 Lesser Beckoning         Tloc           0%         N/A       100%        3
 Spider Form              Tmut/Pois      0%         N/A       100%        3
 Teleport Other           Tloc           0%         N/A       100%        3
 Tukima's Dance           Hex            0%         N/A       100%        3
 Cause Fear               Hex            0%         N/A       100%        4
 Dispel Undead            Necr           0%         3d6       100%        4
 Fulminant Prism          Conj/Hex       0%         3d6       100%        4
 Iskenderun's Mystic Bla  Conj/Tloc      0%         2d3       100%        4
 Lee's Rapid Deconstruct  Erth           0%         3d5*      100%        5
 Manifold Assault         Tloc           0%         N/A       100%        5
 Conjure Ball Lightning   Conj/Air       0%         3x3d6     100%        6
 Death Channel            Necr           0%         N/A       100%        6
 Starburst                Conj/Fire      0%         6d3       100%        6
 Storm Form               Tmut/Air       0%         N/A       100%        7
 Discord                  Hex            0%         N/A       100%        8
 Disjunction              Tloc           0%         N/A       100%        8


Dungeon Overview and Level Annotations

Branches:
Dungeon (14/15)            Temple (0/1) D:7            Lair (6/6) D:11
  Swamp (0/4) Lair:3       Spider (2/4) Lair:3        Slime (0/5) Lair:6
    Orc (2/2) D:9             Elf (0/3) Orc:2        Vaults (0/5) D:13
  Sewer (visited)           IceCv (visited)         Volcano (visited)

Altars:
Cheibriados
Dithmenos
Fedhas
Gozag
Hepliaklqana
Kikubaaqudgha
Okawaru
Sif Muna
Trog
Uskayaw
Wu Jian
Yredelemnul
Zin
The Shining One
Jiyva
Lugonu

Shops:
D:3 !   D:4 ([[   D:5 =   D:6 =   D:7 [   D:13 !   Orc:2 (*:[*

Portals:
Abyss: Lair:6

Annotations:
Spider:2 Kirke


Innate Abilities, Weirdness & Mutations

You are clumsy. (Dex -2)
You are strong-willed. (Will+)


Message History

* * * LOW HITPOINT WARNING * * *
The ghost moth stares at you.
You feel your power leaking away. The redback completely misses you.
The hog barely misses you.
You hit the redback.
The redback is lightly wounded.
You hit the hog.
The hog looks as sick as possible!
You hit the hog.
The hog looks as sick as possible!
You slash the hog!
The hog is poisoned.
You slice the redback!!
The redback looks as sick as possible!
You kill the redback!
The redback misses you.
The hog bites you but does no damage. x2
The hog barely misses you.
Okay, then.
You feel less confused. The ghost moth stares at you.
You feel your power leaking away.
The wolf spider hits you but does no damage.
The wolf spider bites you.
* * * LOW HITPOINT WARNING * * *
The ghost moth stares at you. The wolf spider hits you!
* * * LOW HITPOINT WARNING * * *
The wolf spider bites you but does no damage.
The hog bites you but does no damage. x2
There is a stone staircase leading up, spattered with blood here.
You feel much better. The wolf spider barely misses you.
The wolf spider bites you.
* * * LOW HITPOINT WARNING * * *
You are lethally poisoned!
The wolf spider poisons you!
The hog bites you but does no damage. x2
The ghost moth stares at you.
You feel your power leaking away. The wolf spider hits you!
* * * LOW HITPOINT WARNING * * *
The wolf spider bites you but does no damage.
* * * LOW HITPOINT WARNING * * *
You feel extremely sick.
You kill the hog!
The hog bites you but does no damage. The hog misses you. The hog bites you.
You die...

...#### ......^##
.)......# ........#
........## .........##
#### ........#.####h@##
..........†#.#hhs#
...#.........shy@#
...........ssssss#
....#....#..s.s.###
.......s##....<†#.##
........#...^†.s.s.###
............#.††.....#
............#....#.....


You could see Kirke (invisible), a ghost moth (invisible), 2 wolf spiders, 3 orb
spiders, 4 hogs, 2 tarantellas and 4 redbacks.

Vanquished Creatures
  Gastronok (D:9)
  A frost giant (D:12)
  An orc warlord (Orc:2)
  A red draconian (Volcano)
  The ghost of Veysay the Thaumaturge, a journeyman DjWz of Dithmenos (Lair:3)
  2 blizzard demons (IceCv)
  Josephine (Lair:5)
  Harold (D:7)
  An ogre mage (Volcano)
  6 boulder beetles
  5 hydras
  The ghost of KennySheep the Destroyer, a journeyman DgCj (Orc:2)
  Erica (Lair:1)
  11 two-headed ogres
  2 dancing weapons (D:13)
  4 death yaks (Lair:4)
  A catoblepas (Lair:6)
  3 centaur warriors (D:13)
  3 orc high priests (Orc:2)
  4 thrashing horrors (Lair:6)
  A bog body (IceCv)
  An obsidian statue (IceCv)
  8 spriggan simulacra
  5 orc knights (Orc:2)
  5 ugly things
  An oklob plant (D:13)
  8 wolf spiders (Spider:1)
  5 orc sorcerers (Orc:2)
  5 orb spiders
  5 cyclopes
  15 elephants
  Maurice (D:8)
  5 black mambas
  A torpor snail (Spider:1)
  Joseph (D:10)
  11 cane toads
  A gargoyle (D:12)
  3 unseen horrors
  Maggie (D:8)
  6 komodo dragons
  An anaconda simulacrum (Spider:1)
  3 kobold demonologists
  A golden dragon simulacrum (IceCv)
  4 rime drakes
  5 ice devils (IceCv)
  A jumping spider (shapeshifter) (Lair:6)
  7 entropy weaver simulacra
  4 freezing wraiths (IceCv)
  An ancient zyme (Lair:6)
  2 demonic crawlers
  6 polar bears
  8 trolls
  3 hornets
  9 jumping spiders
  A meliai zombie (D:11)
  3 slime creatures (Lair:3)
  34 blink frogs
  4 dream sheep (Lair:6)
  Prince Ribbit (D:6)
  A shadow (D:10)
  A ynoxinul (Lair:6)
  4 tarantellas
  A spriggan (Lair:6)
  2 wyverns
  14 redbacks
  6 vampires
  6 wraiths
  2 dire elephant simulacra (IceCv)
  4 chaos spawn (Lair:6)
  4 basilisks
  3 hogs
  57 yaks
  A redback simulacrum (D:14)
  3 minotaur simulacra
  3 harpy simulacra (IceCv)
  3 wargs
  Duvessa (D:6)
  14 water moccasins
  A swamp drake (Lair:3)
  A floating eye (D:9)
  3 sky beasts
  A black bear (D:6)
  2 ettin simulacra (IceCv)
  19 orc warriors
  7 alligator simulacra
  An ice beast (D:5)
  2 necrophages
  16 wolves
  9 centaurs
  13 ogres
  A wolf (shapeshifter) (Lair:6)
  2 phantoms (D:12)
  3 kobold brigands
  9 bullfrogs
  A gnoll sergeant (D:7)
  2 scorpions
  12 deep troll simulacra
  15 small abominations (Lair:6)
  A wyvern zombie (D:7)
  A water moccasin zombie (D:5)
  A water moccasin skeleton (D:6)
  Dowan (D:6)
  A lindwurm simulacrum (IceCv)
  An oklob sapling (D:13)
  4 killer bees (D:7)
  10 wights
  A howler monkey (D:11)
  3 jellies
  A bullfrog skeleton (D:5)
  5 centaur zombies
  4 hounds
  7 orc priests
  4 gnoll shamans
  12 orc wizards
  6 iguanas
  A scorpion zombie (D:5)
  A hound skeleton (D:5)
  2 howler monkey zombies
  24 gnolls
  A howler monkey skeleton (D:4)
  6 adders
  3 river rats
  2 shadow imps
  3 ufetubi
  A dart slug (D:1)
  A worm (D:3)
  44 orcs
  12 bats
  9 endoplasms
  A giant cockroach (D:1)
  7 goblins
  4 hobgoblins
  9 jackals
  16 kobolds
  A quokka (D:2)
  9 ball pythons
  4 frilled lizards
  11 rats
723 creatures vanquished.

Vanquished Creatures (others)
  Snorg (D:13)
  32 fungi
  54 plants
87 creatures vanquished.

Grand Total: 810 creatures vanquished

Notes
Turn   | Place    | Note
-------+----------+-------------------------------------------
     0 | D:1      | leviel the Hill Orc Fighter began the quest for the Orb.
     0 | D:1      | Reached XP level 1. HP: 19/19 MP: 1/1
   171 | D:1      | Reached XP level 2. HP: 22/27 MP: 2/2
  1021 | D:2      | Reached XP level 3. HP: 32/33 MP: 3/3
  1113 | D:2      | Found a faded altar of an unknown god.
  1752 | D:3      | Found a glowing golden altar of the Shining One.
  1970 | D:3      | Found Fekhlethy's Distillery.
  1975 | D:3      | Bought a potion of degeneration for 12 gold pieces
  1975 | D:3      | Bought a potion of heal wounds for 60 gold pieces
  2073 | D:3      | Noticed an ogre
  2078 | D:3      | Killed an ogre
  2079 | D:3      | Reached XP level 4. HP: 11/41 MP: 4/4
  2079 | D:3      | Reached XP level 5. HP: 12/47 MP: 5/5
  2932 | D:3      | Became a worshipper of the Shining One
  2965 | D:4      | Found Pagat's Weapon Shoppe.
  3010 | D:4      | Noticed a necrophage
  3022 | D:4      | Reached skill level 5 in Axes
  3024 | D:4      | Killed a necrophage
  3025 | D:4      | Reached XP level 6. HP: 18/55 MP: 6/6
  3027 | D:4      | Reached skill level 5 in Fighting
  3651 | D:4      | Found Jeiqec's Antique Armour Boutique.
  3663 | D:4      | Found Hasayv's Armour Shop.
  3936 | D:5      | Entered Level 5 of the Dungeon
  3960 | D:5      | Reached skill level 5 in Armour
  3960 | D:5      | Reached XP level 7. HP: 58/61 MP: 7/7
  4066 | D:5      | Found a hazy altar of Hepliaklqana.
  4066 | D:5      | Found an iron altar of Okawaru.
  4074 | D:5      | Found a faded altar of an unknown god.
  4076 | D:5      | Found a faded altar of an unknown god.
  4078 | D:5      | Found a hide-covered altar of Uskayaw.
  4106 | D:5      | Reached * piety under the Shining One
  4297 | D:5      | Found a shadowy altar of Dithmenos.
  4333 | D:5      | Found Kusakia's Jewellery Shop.
  4423 | D:5      | Found a glowing drain.
  4439 | Sewer    | Entered a sewer
  4518 | Sewer    | Reached XP level 8. HP: 70/70 MP: 8/8
  4538 | Sewer    | Found a glowing silver altar of Zin.
  5107 | D:5      | Found an ancient bone altar of Kikubaaqudgha.
  5110 | D:5      | Found a shimmering blue altar of Sif Muna.
  5502 | D:6      | Noticed Prince Ribbit
  5513 | D:6      | Killed Prince Ribbit
  5565 | D:6      | Noticed Dowan
  5566 | D:6      | Noticed Duvessa
  5574 | D:6      | Killed Duvessa
  5589 | D:6      | Killed Dowan
  5839 | D:5      | Found a snail-covered altar of Cheibriados.
  5839 | D:5      | Found a blossoming altar of Fedhas.
  5939 | D:6      | Reached skill level 10 in Axes
  5960 | D:5      | HP: 3/73 [ice beast (5)]
  5966 | D:5      | Reached XP level 9. HP: 25/79 MP: 1/9
  6545 | D:6      | Found Iprofie's Jewellery Shoppe.
  6779 | D:6      | Identified the +6 short sword "Nusy" {chaos, Str+3 Stlth+}
  7064 | D:7      | Reached ** piety under the Shining One
  7925 | D:7      | Found a glowing silver altar of Zin.
  8017 | D:7      | Noticed an unseen horror
  8036 | D:7      | Killed an unseen horror
  8221 | D:7      | Found Zopnylee's Antique Armour Boutique.
  8397 | D:4      | Bought a pair of glowing gloves for 202 gold pieces
  8510 | D:8      | Noticed Maggie
  8638 | D:7      | Found a staircase to the Ecumenical Temple.
  8932 | D:8      | Reached XP level 10. HP: 67/91 MP: 7/10
  9115 | D:8      | Killed Maggie
  9421 | D:8      | Noticed Harold
  9434 | D:7      | Gained mutation: You are clumsy. (Dex -2) [potion of
                  | mutation]
  9434 | D:7      | Gained mutation: You are strong-willed. (Will+) [potion of
                  | mutation]
  9458 | D:7      | The Shining One protects you from harm!
  9465 | D:7      | Killed Harold
  9920 | D:8      | Noticed Maurice
  9937 | D:8      | Killed Maurice
 10019 | D:8      | Noticed a kobold demonologist
 10026 | D:8      | Killed a kobold demonologist
 10380 | D:8      | Reached skill level 10 in Fighting
 10622 | D:9      | Reached *** piety under the Shining One
 10655 | D:9      | Noticed a boulder beetle
 10656 | D:9      | a boulder beetle changed into a floating eye
 10691 | D:9      | Reached XP level 11. HP: 69/101 MP: 5/11
 10818 | D:9      | Noticed a purple ugly thing
 10827 | D:9      | Killed a purple ugly thing
 10828 | D:9      | Reached skill level 15 in Axes
 11073 | D:9      | Noticed Gastronok
 11074 | D:9      | Found a staircase to the Orcish Mines.
 11084 | D:9      | Killed Gastronok
 11085 | D:9      | Reached skill level 10 in Armour
 11420 | D:9      | Found a bloodstained altar of Trog.
 11730 | D:10     | Entered Level 10 of the Dungeon
 11791 | D:10     | Noticed Joseph
 12007 | D:10     | Killed Joseph
 12195 | D:10     | Reached **** piety under the Shining One
 12304 | D:10     | Reached skill level 1 in Invocations
 12465 | D:10     | Reached skill level 1 in Evocations
 12729 | D:10     | Noticed a two-headed ogre
 12738 | D:10     | Killed a two-headed ogre
 13287 | D:10     | Found a portal to a secret trove of treasure.
 13308 | D:11     | Noticed a cyclops
 13315 | D:11     | Killed a cyclops
 13375 | Trove    | Entered a treasure trove
 13386 | Trove    | Identified the amulet of the Spinneret {RegenMP rElec rC-
                  | Regen+ Stlth+}
 13396 | Trove    | Identified the ring "Meenk" {rC+ MP-9 Str+5 Slay+5}
 13401 | Trove    | Identified the ring of the Stag {rC+ Will+}
 13405 | Trove    | Identified the ring of Makhleb's Anger {rCorr Dex+6 Stlth+}
 13407 | Trove    | Identified the ring of Doawn {Str+6 Dex+4 SInv}
 13412 | Trove    | Identified the ring "Rydenih" {rC+ rCorr Int+2}
 13718 | D:11     | Reached skill level 5 in Invocations
 13756 | D:11     | Noticed a brown ugly thing
 13764 | D:11     | Killed a brown ugly thing
 13765 | D:11     | Reached XP level 12. HP: 67/111 MP: 5/16
 13857 | D:11     | Found an ornate altar of the Wu Jian Council.
 13910 | D:11     | Noticed a boulder beetle
 13927 | D:11     | Killed a boulder beetle
 14075 | D:11     | Found a staircase to the Lair.
 14192 | D:12     | Noticed a two-headed ogre
 14197 | D:12     | Killed a two-headed ogre
 14202 | D:12     | Noticed a two-headed ogre
 14212 | D:12     | Noticed a two-headed ogre
 14214 | D:12     | Killed a two-headed ogre
 14222 | D:12     | Killed a two-headed ogre
 14242 | D:12     | Noticed a two-headed ogre
 14247 | D:12     | Noticed a two-headed ogre
 14268 | D:12     | Killed a two-headed ogre
 14323 | D:12     | Killed a two-headed ogre
 14456 | D:12     | Noticed a frost giant
 14469 | D:12     | Killed a frost giant
 14628 | D:12     | Reached skill level 5 in Evocations
 15015 | D:12     | Reached skill level 10 in Invocations
 15027 | D:12     | Reached XP level 13. HP: 92/119 MP: 11/20
 15197 | D:13     | Noticed Snorg
 15217 | D:13     | Your ally Snorg died
 15539 | D:13     | Found Tuzen's Distillery.
 15547 | D:13     | Bought a potion of attraction for 42 gold pieces
 15547 | D:13     | Bought a potion of brilliance for 56 gold pieces
 15547 | D:13     | Bought a potion of heal wounds for 70 gold pieces
 15547 | D:13     | Bought a potion of curing for 42 gold pieces
 15992 | D:13     | Found a gate to the Vaults.
 16190 | D:13     | Got the Almanac of Nature
 16325 | D:14     | Found a basalt altar of Yredelemnul.
 16482 | Lair:1   | Entered Level 1 of the Lair of Beasts
 16888 | Lair:1   | Noticed Erica
 16895 | Lair:1   | Killed Erica
 16947 | Lair:1   | You fall into a shaft and drop 1 floor!
 16959 | Lair:2   | Identified 3 scrolls of acquirement
 16959 | Lair:2   | Acquired the ring "Surac" {rC+ Dex+6 Slay+2}
 16979 | Lair:2   | Acquired the +3 broad axe "Osuivinucs" {flame, *Noise rPois
                  | rCorr Dex+5}
 17175 | Lair:2   | Reached XP level 14. HP: 109/132 MP: 14/23
 17672 | Lair:3   | Found a hole to the Spider Nest.
 17975 | Lair:3   | Found a staircase to the Swamp.
 18078 | Lair:3   | Found a runed translucent gate.
 18079 | Lair:3   | Found a runed translucent gate.
 18079 | Lair:3   | Found a runed translucent gate.
 18081 | Lair:3   | Noticed Veysay's ghost (journeyman DjWz)
 18085 | Lair:3   | Found a viscous altar of Jiyva.
 18256 | Lair:3   | Killed Veysay's ghost
 18637 | Lair:4   | Reached skill level 15 in Fighting
 18790 | Lair:4   | Acquired 726 gold pieces
 19619 | Lair:5   | Noticed Josephine
 19629 | Lair:5   | Killed Josephine
 20324 | Lair:6   | Entered Level 6 of the Lair of Beasts
 20350 | Lair:6   | Reached XP level 15. HP: 121/144 MP: 15/24
 20408 | Lair:6   | Reached skill level 15 in Armour
 20429 | Lair:6   | Reached ***** piety under the Shining One
 20511 | Lair:6   | Found a corrupted altar of Lugonu.
 20511 | Lair:6   | Found a one-way gate to the infinite horrors of the Abyss.
 20563 | Lair:6   | Found a staircase to the Slime Pits.
 20563 | Lair:6   | Found a viscous altar of Jiyva.
 20729 | Lair:6   | Found a dark tunnel.
 20741 | Volcano  | Entered a volcano
 22376 | Orc:1    | Entered Level 1 of the Orcish Mines
 22442 | Orc:2    | Entered Level 2 of the Orcish Mines
 22444 | Orc:2    | Found Agech's Antique Armour Boutique.
 22498 | Orc:2    | Found Keimmuth's Antique Weapon Emporium.
 22499 | Orc:2    | Found a staircase to the Elven Halls.
 22592 | Orc:2    | Noticed an orc warlord
 22594 | Orc:2    | Found Uvvuag's General Store.
 22598 | Orc:2    | Reached ****** piety under the Shining One
 22648 | Orc:2    | Killed an orc warlord
 23012 | Orc:2    | Found Saudidal's Book Boutique.
 23446 | Orc:2    | Found a runed translucent gate.
 23446 | Orc:2    | Found a runed translucent gate.
 23446 | Orc:2    | Found a runed translucent gate.
 23448 | Orc:2    | Found an opulent altar of Gozag.
 23450 | Orc:2    | Noticed KennySheep's ghost (journeyman DgCj)
 23452 | Orc:2    | Found Vozusez's Assorted Antiques.
 23470 | Orc:2    | Killed KennySheep's ghost
 23471 | Orc:2    | Reached XP level 16. HP: 156/157 MP: 16/25
 23597 | Orc:2    | Bought a potion of invisibility for 216 gold pieces
 23597 | Orc:2    | Bought a potion of curing for 81 gold pieces
 23790 | Spider:1 | Entered Level 1 of the Spider Nest
 23843 | Spider:1 | Found a frozen archway.
 23866 | Spider:1 | HP: 5/159 [spriggan defender simulacrum (7)]
 24200 | Spider:1 | Reached skill level 1 in Dodging
 24548 | IceCv    | Entered an ice cave
 24815 | IceCv    | Reached skill level 5 in Dodging
 24885 | IceCv    | Identified the +0 pair of gloves of Sunlight {Dex+6 Slay+2}
 24899 | IceCv    | Identified the +3 trident "Ahutum" {protect, Str+2 Dex+2}
 24904 | IceCv    | Identified the +9 quick blade of the Puffin {vamp, *Rage
                  | rPois Dex+10}
 25921 | Spider:2 | Noticed Kirke
 26011 | Spider:2 | HP: 1/159 [wolf spider (14)]
 26013 | Spider:2 | Slain by a hog

Illustrated notes

Levels and vault maps discovered:
D:1:      dpeg_arrival_more_subterranean_lakeside_camping, layout_loops_ring
D:2:      layout_loops_cross, ebering_ecumenical_altar_abandoned
D:3:      layout_loops_corners, tso_metal_star, serial_shops, nicolae_shop_trees
D:4:      layout_gridville, serial_shops, shop, nicolae_shop_waterfront,
          nicolae_shop_stone
D:5:      layout_basic, grunt_dithmenos_shadows,
          chequers_temple_overflow_minitemple, nicolae_overflow_hidden_temple,
          serial_shops, nicolae_shop_waterfront, portal_sewer_entry_b,
          minmay_misc_feat_roman
D:6:      layout_cave_pools, serial_shops, shop, uniq_prince_ribbit1,
          uniq_duvessa
D:7:      layout_basic, lemuel_doored_altar,
          minmay_temple_entry_statues_fountains, serial_shops,
          nicolae_shop_crystal, grunt_ministairs_3, kennysheep_cross_room
D:8:      layout_rooms, uniq_maggie, uniq_maurice, uniq_harold
D:9:      layout_irregular_city, lightli_temple_of_fire, orc_0_dummy,
          uniq_gastronok
D:10:     layout_loops_ring, enter_trove_6, uniq_joseph
D:11:     layout_cave_pools, lair_entry_dummy,
          nicolae_wu_jian_immortal_techniques
D:12:     cheibrodos_monumental, layout_loops_ring, hangedman_batty
D:13:     layout_stronghold, erik_vaults_1, serial_shops, shop,
          introduction_to_nature_2, uniq_snorg
D:14:     layout_basic, yredelemnul_altar_generic,
          nicolae_elevator_lobby_asterisk
Lair:1:   layout_small_grid, infiniplex_staircase_pool_2, grunt_megastairs_4,
          uniq_erica
Lair:2:   layout_misc_corridors
Lair:3:   layout_loops_ring, minmay_swamp_entry_reptiles,
          nicolae_spider_entry_orb_guardian, gammafunk_ghost_ooze, minivault_11,
          chequers_serial_rivers_micro_d, serial_bayou_shore_a,
          grunt_megastairs_3
Lair:4:   layout_concentric_octagons, beast_lair_carwin_7
Lair:5:   layout_long_grid, uniq_josephine
Lair:6:   hellmonk_lair_end_abyssal_woods, layout_cave_pods, slime_altar_1,
          enter_volcano_2
Spider:1: layout_spider_delve, portal_ice_cave_entry_ice_simulacra
Spider:2: layout_spider_delve, uniq_kirke
Orc:1:    layout_diamond_mine, basic_altar
Orc:2:    grunt_orc_gardens, layout_diamond_mine, grunt_orc_garden,
          grunt_orc_garden, grunt_orc_garden, grunt_orc_garden,
          ebering_ghost_gozag, mines_bat_river

Skill      XL: |  1  2  3  4  5  6  7  8  9 10 11 12 13 14 15 16 |
---------------+-------------------------------------------------+-----
Axes           | 3 4 5 6 8 10 12 14 16 18 | 18.0
Fighting       | 4 5 6 7 9 10 11 12 14 16 18 | 18.4
Armour         | 4 5 6 8 9 10 11 13 14 16 17 | 17.0
Shields        | 4 |  4.0
Invocations    | 5 10 12 | 12.6
Evocations     | 2 5 6 |  6.8
Dodging        | 7 |  7.2

Action                   |  1- 3 |  4- 6 |  7- 9 | 10-12 | 13-15 | 16-18 || total
-------------------------+-------+-------+-------+-------+-------+-------++-------
Melee: War axe           |    98 |    72 |   256 |   385 |   616 |    90 ||  1517
       Broad axe         |       |       |       |       |   136 |   144 ||   280
Invok: Divine Shield     |       |       |     1 |     2 |       |       ||     3
Evoke: Wand              |       |       |       |     3 |     3 |       ||     6
  Use: Scroll            |     6 |     3 |     4 |     7 |    15 |     4 ||    39
       Potion            |     1 |       |     3 |     7 |     4 |     4 ||    19
Armor: Scale mail        |    39 |    30 |   102 |   103 |    92 |       ||   366
       Skin              |       |       |       |     2 |       |       ||     2
       Plate armour      |       |       |       |       |   252 |   184 ||   436
Dodge: Dodged            |    39 |    30 |    99 |   117 |   248 |   138 ||   671
       Repelled          |       |       |       |       |     3 |       ||     3
Block: Buckler           |    19 |    15 |    53 |    70 |   143 |    56 ||   356

Table legend: (Time is in decaauts)
 A = Elapsed time spent in this place.
 B = Non-inter-level travel time spent in this place.
 C = Inter-level travel time spent in this place.
 D = Time resting spent in this place.
 E = Time spent auto-exploring this place.
 F = Levels seen in this place.
 G = Mean time per level.
                   A        B        C        D        E       F      G
               +--------+--------+--------+--------+--------+-----+--------+
         Total |  25746 |  24048 |   1698 |   3652 |  16120 |  28 |  919.5 |
       Dungeon |  16359 |  15321 |   1038 |   2753 |  10419 |  14 | 1168.5 |
          Lair |   5521 |   4950 |    571 |    365 |   3589 |   6 |  920.2 |
   Spider Nest |   1114 |   1077 |     37 |    110 |    675 |   2 |  557.0 |
  Orcish Mines |   1247 |   1196 |     51 |    303 |    621 |   2 |  623.5 |
         Trove |     49 |     49 |      0 |      0 |      0 |   1 |   49.0 |
         Sewer |    186 |    186 |      0 |      0 |    125 |   1 |  186.0 |
      Ice Cave |    826 |    826 |      0 |     82 |    365 |   1 |  826.0 |
       Volcano |    441 |    441 |      0 |     39 |    325 |   1 |  441.0 |
               +--------+--------+--------+--------+--------+-----+--------+

Top non-repeatable levels by time:
     D:7: 2498 daAuts
     D:5: 1999 daAuts
    D:10: 1567 daAuts
     D:9: 1472 daAuts
  Lair:6: 1347 daAuts
     D:3: 1261 daAuts
  Lair:3: 1194 daAuts
    D:13: 1125 daAuts
Spider:1: 1069 daAuts
  Lair:4: 1067 daAuts
   Orc:2: 1061 daAuts
     D:4: 1059 daAuts
    D:12: 1044 daAuts
     D:1: 1037 daAuts
     D:8: 981 daAuts
